 Dungeon Crawl Stone Soup version 0.22.0-27-ga576289 (webtiles) character file.

4366 Tarasboulda the Cleaver (level 10, -1/88 HPs)
             Began as a Hill Orc Fighter on Aug 22, 2018.
             Was a High Priest of Trog.
             Slain by an orc warrior
             ... wielding a +0 glaive
              (20 damage)
             ... on level 9 of the Dungeon.
             The game lasted 00:38:29 (8934 turns).

Tarasboulda the Cleaver (Hill Orc Fighter)          Turns: 8934, Time: 00:38:29

Health: -1/88      AC: 16    Str: 26    XL:     10   Next: 34%
Magic:  3/3        EV:  6    Int:  8    God:    Trog [*****.]
Gold:   584        SH: 11    Dex: 10    Spells: 9/9 levels left

rFire    . . .     SeeInvis .   i - +4 hand axe (antimagic)
rCold    . . .     Gourm    .   c - +0 shield
rNeg     . . .     Faith    .   T - +0 plate armour
rPois    .         Spirit   .   F - +0 helmet
rElec    .         Reflect  .   R - +0 cloak
rCorr    .         Harm     .   (no gloves)
MR       .....                  (no boots)
Stlth    ..........             (no amulet)
HPRegen  0.24/turn              l - ring of wizardry
MPRegen  0.08/turn              (no ring)

@: mighty, berserk cooldown, slowed, very slow
A: mutation resistance 1, weak 1
a: Berserk, Trog's Hand, Brothers in Arms, Renounce Religion


You were on level 9 of the Dungeon.
You worshipped Trog.
Trog was extremely pleased with you.
You were near starving.

You visited 1 branch of the dungeon, and saw 9 of its levels.
You also visited: Sewer.

You collected 584 gold pieces.

Inventory:

Hand Weapons
 a - a +0 trident
 i - a +4 antimagic hand axe (weapon)
 p - a +0 war axe
 K - a +0 glaive
 N - a +0 shortbow
 Q - a cursed +4 battleaxe
Missiles
 B - 5 tomahawks (quivered)
 O - 82 arrows
 Y - a throwing net
Armour
 b - a +0 scale mail
 c - a +0 shield (worn)
 z - a +0 ring mail
 C - a +0 chain mail
 F - a +0 helmet (worn)
 R - a +0 cloak (worn)
 T - a +0 plate armour (worn)
 U - a cursed +0 plate armour
Jewellery
 l - a ring of wizardry (left hand)
 s - a +6 ring of protection {unknown}
 v - an uncursed ring of protection from fire {unknown}
 V - an uncursed ring of ice {unknown}
 W - a +4 ring of strength {unknown}
Wands
 o - a wand of random effects (15)
 y - a wand of flame (47)
 E - a wand of disintegration (27)
Scrolls
 e - 3 scrolls of amnesia
 g - 5 scrolls of teleportation
 h - 2 scrolls of fog
 j - 3 scrolls of immolation
 k - 3 scrolls of enchant weapon
 q - 6 scrolls of magic mapping
 x - 8 scrolls of remove curse
 I - a scroll of acquirement {unknown}
 J - 2 scrolls of fear
 L - 2 scrolls of blinking
 X - a scroll of identify
Potions
 d - a potion of might
 m - 2 potions of heal wounds {unknown}
 n - 2 potions of mutation
 r - 6 potions of curing
 t - 2 potions of haste {unknown}
 u - 2 potions of invisibility {unknown}
 w - 2 potions of lignification
 A - 2 potions of brilliance {unknown}
 D - 2 potions of flight
 G - 3 potions of agility
 H - 2 potions of cancellation {unknown}
 M - a potion of magic {unknown}
 P - 2 potions of degeneration {unknown}
 S - a potion of ambrosia {unknown}
Comestibles
 f - 13 rations


   Skills:
 + Level 8.0 Fighting
 * Level 10.9(11.1) Axes
 - Level 2.3(6.3) Polearms
 + Level 3.9 Bows
 - Level 3.0 Throwing
 + Level 7.4 Armour
 + Level 7.5 Shields


You had 9 spell levels left.
You didn't know any spells.
Your spell library contained the following spells:

 Spells                   Type           Power        Failure   Level  Hunger
 Confusing Touch          Hex            #.....       99%         1    ##.....
 Magic Dart               Conj           #...         99%         1    ##.....
 Shock                    Conj/Air       #...         99%         1    ##.....
 Blink                    Tloc           N/A          99%         2    ###....
 Call Imp                 Summ           #.......     99%         2    ###....
 Slow                     Hex            #.......     99%         2    ###....
 Swiftness                Chrm/Air       #.......     99%         2    ###....
 Confuse                  Hex            #.......     100%        3    ####...
 Conjure Flame            Conj/Fire      #.......     100%        3    ####...
 Gell's Gravitas          Tloc           #.........   100%        3    ####...
 Mephitic Cloud           Conj/Pois/Air  #.......     100%        3    ####...
 Static Discharge         Conj/Air       #.......     100%        3    ####...
 Airstrike                Air            #.........   100%        4    #####..
 Petrify                  Tmut/Erth      #.......     100%        4    #####..
 Lightning Bolt           Conj/Air       #.........   100%        5    ######.
 Metabolic Englaciation   Hex/Ice        #.........   100%        5    ######.
 Yara's Violent Unravell  Hex/Tmut       #.........   100%        5    ######.


Dungeon Overview and Level Annotations

Branches:
Dungeon (9/15)             Temple (0/1) D:5
   Lair: D:8-11         Orc: D:9-12

Altars:
Cheibriados
Elyvilon
Hepliaklqana
Kikubaaqudgha
Sif Muna
Trog
Vehumet
Xom
Zin
The Shining One

Shops:
D:9 *

Annotations:
D:6 Sigmund


Innate Abilities, Weirdness & Mutations

You are somewhat resistant to further mutation.
You are weak. (Str -2)


Message History

Trog appreciates your killing of a magic user.
The orc wizard hits you but does no damage.
The orc warrior closely misses you.
You are near starving!
You hit the orc warrior.
The orc warrior is heavily wounded.
You slash the orc wizard!
The orc wizard's magic leaks into the air.
The orc wizard hits you but does no damage.
You block the orc wizard's attack. The orc warrior hits you with a glaive.
* * * LOW HITPOINT WARNING * * *
You slash the orc warrior!
The orc warrior is almost dead.
You slash the orc wizard!
You kill the orc wizard!
Trog accepts your kill.
Trog appreciates your killing of a magic user.
Your ogre rages.
The orc warrior hits you with a glaive!!
You die...

....###..###..#......## #.#..##.
.###.....##.....#.....## #.##..#.
## ##....#.....###)....###.##..#.
# ##.....#..∩.._⌠#....)##..###...
###...#..#.....###.).##)#..# #...
#...####........#).).##.o.o###..#
...## #......#..)#..###.......##
.#### ##......##.O...).(###o..##
....###........)@o.#...## ##o.#
................)####### #oo#
..###..#####.........# #.......#
.## ##.# ##.......## #o....###.
## #.# #...>..## #.oo##.# # #.#
########


#oo.o #.# # #.# ...o ..# # ..# ... ..# ## ... .o. ..# You could see an orc
warrior and a friendly ogre (berserk).

Vanquished Creatures
  A hornet (D:8)
  A hungry ghost (D:7)
  3 orc warriors
  A black bear (D:9)
  An ice beast (D:9)
  A sky beast (D:8)
  2 necrophages
  A phantom (D:8)
  5 ogres
  2 centaurs
  3 bullfrogs
  4 big kobolds
  2 scorpions
  5 killer bees (D:7)
  9 wights
  3 crimson imps
  A bullfrog zombie (D:7)
  A centaur zombie (D:5)
  Crazy Yiuf (D:6)
  A centaur skeleton (D:8)
  7 hounds
  15 orc wizards
  A bullfrog skeleton (D:8)
  3 iguanas
  Terence (D:2)
  5 worker ants
  A statue (D:6)
  A killer bee zombie (D:8)
  2 hound skeletons (D:8)
  6 adders
  A river rat (D:5)
  3 shadow imps
  3 oozes
  2 adder skeletons
  2 worms
  3 dart slugs (D:1)
  6 leopard geckos
  32 orcs
  11 bats
  3 bat skeletons (D:2)
  2 bat zombies (D:2)
  7 giant cockroaches
  3 goblins
  8 hobgoblins
  8 jackals
  3 quokkas
  A ball python (Sewer)
  7 frilled lizards
  28 kobolds
  2 leopard gecko zombies
  A quokka zombie (D:5)
  8 rats
  A fungus (Sewer)
  A plant (Sewer)
236 creatures vanquished.

Vanquished Creatures (collateral kills)
  2 orc wizards (D:9)
  2 orcs (D:9)
4 creatures vanquished.

Grand Total: 240 creatures vanquished

Notes
Turn   | Place    | Note
-------+----------+-------------------------------------------
     0 | D:1      | Tarasboulda the Hill Orc Fighter began the quest for the Orb.
     0 | D:1      | Reached XP level 1. HP: 19/19 MP: 1/1
    56 | D:1      | Reached XP level 2. HP: 24/27 MP: 2/2
   386 | D:1      | Reached XP level 3. HP: 33/33 MP: 1/3
   719 | D:1      | Reached skill level 1 in Axes
   791 | D:2      | Found a bloodstained altar of Trog.
   798 | D:2      | Became a worshipper of Trog the Wrathful
   840 | D:2      | Noticed Terence
   850 | D:2      | Killed Terence
   850 | D:2      | Reached skill level 2 in Axes
   850 | D:2      | Reached skill level 1 in Throwing
   850 | D:2      | Reached XP level 4. HP: 36/40 MP: 1/4
   882 | D:2      | Reached XP level 5. HP: 41/47 MP: 1/5
  1201 | D:2      | Reached * piety under Trog
  1209 | D:2      | Reached skill level 3 in Axes
  1215 | D:2      | Found an ancient bone altar of Kikubaaqudgha.
  1532 | D:3      | Found a glowing golden altar of the Shining One.
  1881 | D:3      | Reached XP level 6. HP: 53/53 MP: 2/6
  2401 | D:4      | Gained mutation: You are weak. (Str -2) [potion of mutation]
  2401 | D:4      | Gained mutation: You are somewhat resistant to further mutation. [potion of mutation]
  2704 | D:3      | Reached skill level 4 in Axes
  2955 | D:4      | Reached skill level 5 in Fighting
  3260 | D:4      | Reached XP level 7. HP: 54/61 MP: 2/7
  3317 | D:4      | Reached ** piety under Trog
  3449 | D:5      | Entered Level 5 of the Dungeon
  3508 | D:5      | Reached skill level 5 in Axes
  3601 | D:5      | Found a white marble altar of Elyvilon.
  3603 | D:5      | Found a hazy altar of Hepliaklqana.
  3624 | D:5      | Reached skill level 5 in Armour
  3805 | D:5      | Found a glowing drain.
  3809 | Sewer    | Entered a sewer
  4068 | Sewer    | Reached skill level 5 in Shields
  4142 | Sewer    | Reached skill level 6 in Axes
  4142 | Sewer    | Reached XP level 8. HP: 59/69 MP: 2/8
  4297 | Sewer    | Reached *** piety under Trog
  4576 | D:5      | Found a staircase to the Ecumenical Temple.
  4849 | D:5      | Reached skill level 7 in Axes
  5191 | D:6      | Found a radiant altar of Vehumet.
  5562 | D:6      | Reached skill level 1 in Bows
  5626 | D:6      | Noticed Sigmund
  5825 | D:6      | Reached skill level 8 in Axes
  6011 | D:6      | Found a runed door.
  6015 | D:6      | Noticed Crazy Yiuf
  6025 | D:6      | Killed Crazy Yiuf
  6025 | D:6      | Reached XP level 9. HP: 65/78 MP: 1/9
  6178 | D:7      | Reached **** piety under Trog
  6211 | D:7      | Found a snail-covered altar of Cheibriados.
  6304 | D:7      | Found a deep blue altar of Sif Muna.
  6472 | D:7      | Reached skill level 9 in Axes
  7360 | D:8      | Reached skill level 10 in Axes
  7647 | D:8      | Reached XP level 10. HP: 86/86 MP: 3/10
  7869 | D:8      | Reached ***** piety under Trog
  8061 | D:8      | Received a gift from Trog
  8109 | D:8      | Found a shimmering altar of Xom.
  8837 | D:9      | Found Zin's Purification Station.
  8840 | D:9      | Found a glowing silver altar of Zin.
  8934 | D:9      | Slain by an orc warrior

Skill      XL: |  1  2  3  4  5  6  7  8  9 10 |
---------------+-------------------------------+-----
Fighting       | 4 5 6 7 8 |  8.0
Axes           | 2 3 4 6 8 10 | 10.9
Throwing       | 1 2 3 |  3.0
Armour         | 4 5 6 7 |  7.4
Shields        | 4 5 6 7 |  7.5
Bows           | 1 3 |  3.9
Polearms       | |  2.3

Action                   |  1- 3 |  4- 6 |  7- 9 | 10-12 || total
-------------------------+-------+-------+-------+-------++-------
Melee: Trident           |    19 |       |       |       ||    19
       Hand axe          |    54 |   128 |   583 |   155 ||   920
Throw: Tomahawk          |       |     3 |     3 |     5 ||    11
Invok: Berserk           |       |     1 |     7 |     2 ||    10
       Brothers in Arms  |       |       |       |     1 ||     1
  Use: Scroll            |       |    10 |     7 |       ||    17
       Potion            |       |     2 |       |     1 ||     3
  Eat: Chunk             |       |     3 |    10 |     7 ||    20
       Ration            |       |     2 |     3 |       ||     5
Armor: Scale mail        |    37 |    43 |       |       ||    80
       Chain mail        |       |    22 |   111 |       ||   133
       Plate armour      |       |       |   105 |    75 ||   180
Dodge: Dodged            |    20 |    35 |    63 |    29 ||   147
Block: Shield            |    43 |    60 |   220 |    67 ||   390
